 Dungeon Crawl Stone Soup version 0.31.0-9-g3a7656b989 (webtiles) character file.

Game seed: 9416701830373714727

46 qw the Shooter (level 3, 0/20 HPs)
             Began as a Deep Elf Hunter on Feb 2, 2024.
             Slain by a hobgoblin (2 damage)
             ... led by Robin
             ... on level 2 of the Dungeon.
             The game lasted 00:00:04 (838 turns).

qw the Shooter (Deep Elf Hunter)                     Turns: 838, Time: 00:00:04

Health: 0/20       AC:  3    Str:  8    XL:     3   Next: 44%
Magic:  5/5        EV: 12    Int: 13    God:
Gold:   45         SH:  0    Dex: 18    Spells: 2/2 levels left

rFire   + . .        a - +0 shortbow
rCold   . . .        (shield currently unavailable)
rNeg    . . .        c - +0 leather armour
rPois   .            (no helmet)
rElec   .            (no cloak)
rCorr   .            (no gloves)
SInv    .            (no boots)
Will    .....        (no amulet)
Stlth   ++           d - ring of protection from fire
HPRegen 0.23/turn    (no ring)
MPRegen 0.09/turn

%: no passive effects
@: no status effects
A: weak 1, MP-powered wands
a: no special abilities


You were on level 2 of the Dungeon.
You visited 1 branch of the dungeon, and saw 2 of its levels.

You collected 45 gold pieces.


Innate Abilities, Weirdness & Mutations

You are weak. (Str -2)
You expend magic power (3 MP) to strengthen your wands.


   Skills:
 - Level 1.5 Fighting
 + Level 7.0 Ranged Weapons
 - Level 2.4 Dodging
 - Level 1.2 Stealth


You had 2 spell levels left.
You didn't know any spells.
Your spell library was empty.

Inventory:

Hand Weapons
 a - a +0 shortbow (weapon)
Armour
 c - a +0 leather armour (worn)
Jewellery
 d - a ring of protection from fire (left hand)
Potions
 g - a potion of mutation
 h - a potion of curing

Dungeon Overview and Level Annotations

Branches:
Dungeon (2/15)

Altars:

Annotations:
D:2 Robin


Message History

The adder is heavily wounded.
You feel sick. The adder barely misses you.
Robin points. "Kill!"
The adder barely misses you.
You shoot an arrow.
The arrow hits the adder but does no damage.
The adder is heavily wounded.
You feel sick. The adder bites you but does no damage.
You shoot an arrow. The arrow hits the adder.
The adder is almost dead.
You feel sick. The adder bites you but does no damage.
Robin roars a battlecry!
The adder bites you.
You are more poisoned.
The adder poisons you!
You shoot an arrow. The arrow barely misses the adder.
The arrow hits the goblin.
You kill the goblin!
You feel sick. The adder closely misses you.
You shoot an arrow. The arrow barely misses the adder.
The arrow hits the goblin.
The goblin is heavily wounded.
You feel sick. The adder bites you. The adder closely misses you.
You shoot an arrow. The arrow hits the adder.
You kill the adder!
You feel sick.
Your Ranged Weapons skill increases to level 7!
You shoot an arrow. The arrow hits the goblin!
You kill the goblin!
You feel sick.
You shoot an arrow. The arrow barely misses the hobgoblin.
The arrow hits the goblin!
You kill the goblin!
You feel sick. The hobgoblin misses you.
You shoot an arrow.
The arrow hits the hobgoblin but does no damage.
You feel sick.
You are no longer poisoned.
The hobgoblin hits you.
You die...

### #.# #.#
#.# #<# #.#
#.#
####+######.#
.....gg@....#
.....g#######
....g ....
######...
#<.gg....
#g.gg..##
+..g...#
#gggg..#


You could see Robin, a hobgoblin (strong) and 2 goblins.

Vanquished Creatures
  An adder (D:2)
  A dart slug (D:1)
  2 endoplasms
  3 giant cockroaches (D:1)
  7 goblins
  3 hobgoblins (D:1)
  2 kobolds (D:1)
  4 ball pythons (D:1)
  5 bats (D:1)
  3 frilled lizards (D:1)
  2 rats (D:1)
33 creatures vanquished.

Notes
Turn   | Place    | Note
-------+----------+-------------------------------------------
     0 | D:1      | qw the Deep Elf Hunter began the quest for the Orb.
     0 | D:1      | Reached XP level 1. HP: 12/12 MP: 3/3
     0 | D:1      | 0 ||| qw: Version: 0.3-a-155-g5e7d8dd
     0 | D:1      | 0 ||| qw: Game counter: 130
     0 | D:1      | 0 ||| qw: Melee chars always use a shield: true
     0 | D:1      | 0 ||| qw: God list: Okawaru
     0 | D:1      | 0 ||| qw: Allow faded altars: false
     0 | D:1      | 0 ||| qw: Do Orc after clearing Dungeon:15 true
     0 | D:1      | 0 ||| qw: Do second Lair branch before Depths: true
     0 | D:1      | 0 ||| qw: Lair rune preference: random
     0 | D:1      | 0 ||| qw: Goals: Normal
     0 | D:1      | 0 ||| PLANNING D:1-11
   252 | D:1      | Reached skill level 6 in Ranged Weapons
   252 | D:1      | Reached XP level 2. HP: 16/16 MP: 4/4
   751 | D:1      | 751 ||| UPGRADING to ring of protection from fire.
   752 | D:1      | 752 ||| READING 2 scrolls labelled VYGHESH KICUEH.
   752 | D:1      | 752 ||| IDENTIFYING viscous yellow potion
   753 | D:1      | 753 ||| READING scroll of identify.
   753 | D:1      | 753 ||| IDENTIFYING bubbling yellow potion
   754 | D:1      | 754 ||| READING scroll labelled PEOFAI PALEU.
   757 | D:1      | 757 ||| DRINKING 2 purple potions.
   757 | D:1      | Gained mutation: You are weak. (Str -2) [potion of
                  | mutation]
   757 | D:1      | Gained mutation: You expend magic power (3 MP) to
                  | strengthen your wands. [potion of mutation]
   758 | D:1      | 758 ||| DROPPING scroll of butterflies.
   759 | D:1      | 759 ||| DROPPING potion of ambrosia.
   770 | D:2      | Noticed Robin
   772 | D:2      | 772 ||| STAIRDANCE
   777 | D:1      | Reached XP level 3. HP: 19/20 MP: 5/5
   835 | D:2      | HP: 5/20 [poisoned by an adder]
   836 | D:2      | Reached skill level 7 in Ranged Weapons
   838 | D:2      | HP: 2/20 [poisoned by an adder]
   838 | D:2      | Slain by a hobgoblin

Levels and vault maps discovered:
D:1:      roadster_arrival_rocket_small, layout_basic, serial_park_tiny_2
D:2:      layout_basic, basic_altar, serial_shops, shop_fountains, uniq_robin

Skill      XL: |  1  2  3 |
---------------+----------+-----
Ranged Weapons | 6 7 |  7.0
Fighting       | |  1.5
Dodging        | |  2.4
Stealth        | |  1.2

Action                     || total
---------------------------++-------
   Fire: Shortbow          ||    71
    Use: Scroll            ||     3
         Potion            ||     1
 Armour: Leather armour    ||    22
  Dodge: Dodged            ||    24

Table legend:
 A = Non-vault XP
 B = Vault XP
 C = Vault XP percentage of total XP
 D = Non-vault monster count
 E = Vault monster count
 F = Vault count percentage of total count
                 A         B        C        D         E       F
            +---------+---------+-------+---------+---------+-------
      Total |      53 |      13 |  19.7 |      26 |       7 |  21.2
            +---------+---------+-------+---------+---------+-------
        D:1 |      37 |       4 |   9.8 |      24 |       2 |   7.7
        D:2 |      16 |       9 |  36.0 |       2 |       5 |  71.4
            +---------+---------+-------+---------+---------+-------
